 Dungeon Crawl Stone Soup version 0.23.0 (webtiles) character file.

Game seed: 8402064881065539995

572224 Infinimo the Skullcrusher (level 25, -13/220 HPs)
             Began as a Minotaur Fighter on Feb 9, 2019.
             Was the Champion of Okawaru.
             Mangled by an Executioner (16 damage)
             ... summoned by a deep elf demonologist
             ... on level 4 of the Depths.
             The game lasted 02:04:13 (68495 turns).

Infinimo the Skullcrusher (Minotaur Fighter)       Turns: 68495, Time: 02:04:14

Health: -13/220    AC: 35    Str: 29      XL:     25   Next: 67%
Magic:  36/36      EV: 16    Int:  7      God:    Okawaru [******]
Gold:   4567       SH: 31    Dex: 18 (19) Spells: 24/24 levels left

rFire    + + +     SeeInvis +   Z - +7 demon whip (vamp)
rCold    + . .     Gourm    .   K - +0 large shield of Insatiable Hunger {rN+ Regen+ Str+2}
rNeg     + . .     Faith    .   e - +1 gold dragon scales
rPois    +         Spirit   .   Q - +4 hat of Lifelessness {rF+ rC- Dex+6 Slay+3}
rElec    .         Reflect  +   k - scarf {repulsion}
rCorr    +         Harm     .   R - +0 pair of gloves
MR       .....     Clarity  +   F - +1 pair of boots "Bomeg" {rCorr MP+9 Str-4 SInv}
Stlth    ..........             m - +5 amulet of reflection
HPRegen  0.86/turn              A - ring of protection from cold
MPRegen  0.25/turn              g - ring of the Assorted Emperors {rCorr rF+ MR- Str+3}

@: lethally poisoned (-13 -> -14), slowed, studying 2 skills, repel missiles,
very slow
A: retaliatory headbutt, hooves 1, horns 2, blurry vision 1, clarity,
deterioration 1, frail 1
}: 3/15 runes: decaying, silver, gossamer
a: Heroism, Finesse, Renounce Religion


You were on level 4 of the Depths.
You worshipped Okawaru.
Okawaru was exalted by your worship.
You were hungry.

You visited 11 branches of the dungeon, and saw 47 of its levels.
You visited the Abyss 2 times.
You also visited: Bailey.

You collected 5898 gold pieces.
You spent 1331 gold pieces at shops.

Inventory:

Hand Weapons
 j - a +2 demon whip of electrocution
 L - the +6 demon whip of Dishonesty {venom, rN+ Str+6 Int+4 Dex-3}
   (Okawaru gifted it to you on level 2 of the Crypt)

   It poisons the flesh of those it strikes.
   It affects your strength (+6).
   It affects your intelligence (+4).
   It affects your dexterity (-3).
   It protects you from negative energy.
 Z - a +7 vampiric demon whip (weapon)
Armour
 e - +1 gold dragon scales (worn)
 k - a scarf of repulsion (worn)
 F - the +1 pair of boots "Bomeg" (worn) {rCorr MP+9 Str-4 SInv}
   (You found it on level 12 of the Dungeon)

   It affects your strength (-4).
   It affects your magic capacity (+9).
   It lets you see invisible.
   It provides partial protection from all sources of acid and corrosion.
 K - the +0 large shield of Insatiable Hunger (worn) {rN+ Regen+ Str+2}
   (You found it in a bailey)

   It affects your strength (+2).
   It protects you from negative energy.
   It increases your rate of regeneration.
 Q - the +4 hat of Lifelessness (worn) {rF+ rC- Dex+6 Slay+3}
   (Okawaru gifted it to you on level 2 of the Elven Halls)

   It affects your dexterity (+6).
   It affects your accuracy and damage with ranged weapons and melee attacks
   (+3).
   It protects you from fire.
   It makes you vulnerable to cold.
 R - a +0 pair of gloves (worn)
Jewellery
 d - a +5 ring of dexterity
 g - the ring of the Assorted Emperors (right hand) {rCorr rF+ MR- Str+3}
   (You took it off an ogre mage on level 5 of the Vaults)

   [ring of resist corrosion]

   It affects your strength (+3).
   It protects you from fire.
   It affects your resistance to hostile enchantments.
 m - a +5 amulet of reflection (around neck)
 A - a ring of protection from cold (left hand)
 G - an uncursed ring of protection from cold
 O - an uncursed ring of protection from fire
 S - an uncursed ring of positive energy
Wands
 r - a wand of clouds (4)
 C - a wand of digging (8)
 T - a wand of disintegration (14)
Scrolls
 a - 2 scrolls of magic mapping
 c - 3 scrolls of holy word
 i - 25 scrolls of identify
 o - 22 scrolls of remove curse
 s - 8 scrolls of amnesia
 u - 3 scrolls of brand weapon
 y - 3 scrolls of fear
 I - a scroll of blinking
 W - a scroll of fog
 X - 2 scrolls of teleportation
Potions
 b - 3 potions of haste
 h - 5 potions of mutation
 n - a potion of flight
 p - 7 potions of agility
 q - 8 potions of brilliance
 v - 6 potions of magic
 w - 10 potions of curing
 x - 6 potions of ambrosia
 E - 3 potions of cancellation
 H - 2 potions of resistance
 M - 3 potions of berserk rage
 P - a potion of might
Books
 D - a manual of Spellcasting
 Y - a manual of Hexes
Comestibles
 f - 88 rations


   Skills:
 + Level 23.8 Fighting
 O Level 27 Maces & Flails
 + Level 23.8 Armour
 + Level 14.8 Dodging
 + Level 23.8 Shields
 * Level 7.1 Invocations


You had 24 spell levels left.
You didn't know any spells.
Your spell library contained the following spells:

 Spells                   Type           Power        Failure   Level  Hunger
 Animate Skeleton         Necr           N/A          99%         1    ##.....
 Apportation              Tloc           #.....       99%         1    ##.....
 Confusing Touch          Hex            #.....       99%         1    ##.....
 Corona                   Hex            #......      99%         1    ##.....
 Flame Tongue             Conj/Fire      #....        99%         1    ##.....
 Freeze                   Ice            #...         99%         1    ##.....
 Magic Dart               Conj           #...         99%         1    ##.....
 Sting                    Conj/Pois      #...         99%         1    ##.....
 Summon Butterflies       Summ           #.......     99%         1    ##.....
 Summon Small Mammal      Summ           #...         99%         1    ##.....
 Ensorcelled Hibernation  Hex/Ice        #.....       99%         2    ###....
 Poisonous Vapours        Pois/Air       #.....       99%         2    ###....
 Searing Ray              Conj           #.....       99%         2    ###....
 Shroud of Golubria       Chrm/Tloc      #.........   99%         2    ###....
 Slow                     Hex            #.......     99%         2    ###....
 Song of Slaying          Chrm           #.......     99%         2    ###....
 Sublimation of Blood     Necr           #.........   99%         2    ###....
 Throw Flame              Conj/Fire      #.....       99%         2    ###....
 Throw Frost              Conj/Ice       #.....       99%         2    ###....
 Confuse                  Hex            #.......     100%        3    ####...
 Dazzling Spray           Conj/Hex       #.....       100%        3    ####...
 Gell's Gravitas          Tloc           #.........   100%        3    ####...
 Ignite Poison            Fire/Tmut/Pois #.......     100%        3    ####...
 Inner Flame              Hex/Fire       #.......     100%        3    ####...
 Lesser Beckoning         Tloc           #.........   100%        3    ####...
 Ozocubu's Armour         Chrm/Ice       #.......     100%        3    ####...
 Portal Projectile        Hex/Tloc       #.....       100%        3    ####...
 Tukima's Dance           Hex            #.......     100%        3    ####...
 Animate Dead             Necr           N/A          100%        4    #####..
 Cause Fear               Hex            #.........   100%        4    #####..
 Force Lance              Conj/Tloc      #.......     100%        4    #####..
 Fulminant Prism          Conj/Hex       #.........   100%        4    #####..
 Iskenderun's Mystic Bla  Conj           #.......     100%        4    #####..
 Leda's Liquefaction      Hex/Erth       #.........   100%        4    #####..
 Petrify                  Tmut/Erth      #.......     100%        4    #####..
 Sticky Flame             Conj/Fire      #.......     100%        4    #####..
 Summon Ice Beast         Ice/Summ       #.......     100%        4    #####..
 Summon Lightning Spire   Summ/Air       #.......     100%        4    #####..
 Throw Icicle             Conj/Ice       #.......     100%        4    #####..
 Agony                    Necr           #.......     100%        5    ######.
 Alistair's Intoxication  Tmut/Pois      #.......     100%        5    ######.
 Dispel Undead            Necr           #.......     100%        5    ######.
 Fireball                 Conj/Fire      #.........   100%        5    ######.
 Iskenderun's Battlesphe  Conj/Chrm      #.......     100%        5    ######.
 Metabolic Englaciation   Hex/Ice        #.........   100%        5    ######.
 Yara's Violent Unravell  Hex/Tmut       #.........   100%        5    ######.
 Bolt of Fire             Conj/Fire      #.........   100%        6    #######
 Death Channel            Necr           #.........   100%        6    #######
 Invisibility             Hex            #.......     100%        6    #######
 Ozocubu's Refrigeration  Ice            #.........   100%        6    #######
 Ring of Flames           Chrm/Fire      #.........   100%        7    #######


Dungeon Overview and Level Annotations

Branches:
Dungeon (15/15)            Temple (1/1) D:6            Lair (6/6) D:8
  Swamp (4/4) Lair:2       Spider (4/4) Lair:3        Slime (1/5) Lair:5
    Orc (2/2) D:12            Elf (2/3) Orc:2        Vaults (5/5) D:14
  Crypt (3/3) Vaults:2       Tomb (0/3) Crypt:3      Depths (4/5) D:15

Altars:
Ashenzari
Cheibriados
Dithmenos
Elyvilon
Fedhas
Gozag
Hepliaklqana
Kikubaaqudgha
Makhleb
Nemelex Xobeh
Okawaru
Qazlal
Ru
Sif Muna
Trog
Uskayaw
Vehumet
Wu Jian
Xom
Yredelemnul
Zin
The Shining One
Beogh

Shops:
D:15 [!*   Orc:1 }   Orc:2 *[(=   Vaults:2 (   Vaults:4 *   Depths:4 (

Portals:
Hell: Depths:1 Depths:2 Depths:3 Depths:4
Abyss: Depths:3 Depths:4
Pandemonium: Depths:3

Annotations:
Depths:2 2 transporters
Depths:4 2 runed translucent doors


Innate Abilities, Weirdness & Mutations

You reflexively headbutt those who attack you in melee.
You have a pair of horns on your head.
You have large cloven feet.
Scrolls take you a little longer to read.
You possess an exceptional clarity of mind.
Your body sometimes deteriorates upon taking damage.
You are frail. (-10% HP)


Message History

Pain shoots through your body!
* * * LOW HITPOINT WARNING * * *
You block the Executioner's attack.
Really read with blurry vision while enemies are nearby?
Okay, then.
Unknown command.
Okay, then.
Okay, then.
Really read with blurry vision while enemies are nearby?
You feel sick. You block the Executioner's attack. x3
The Executioner hits you.
* * * LOW HITPOINT WARNING * * *
You block the Executioner's attack. The Executioner hits you!
* * * LOW HITPOINT WARNING * * *
You block the Executioner's attack.
You begin reading the scroll.
You continue reading the scroll.
You feel sick. You block the Executioner's attack. The Executioner hits you.
* * * LOW HITPOINT WARNING * * *
You block the Executioner's attack. x4; The Executioner hits you!
You die... .#...>..# #.........# ##......## #.''''''''' .'.......# #.'+ ++ .#.......# #.'+ ++'++

.#.....### #.'+'....+
.#######.### #.'''.().+
.'....(#...# #.'''.$(.+
.#.....#.)#### ####.'''...C+
.#.....'..'[.###@#..''''''+ '##
##'######.#...411#..'''''++ '.#
#.......###...1eD#.1''''''''''.#
##.......#......##D..######.#..##
.##'########....)D1e1.## #.#...#
........+..########....####.#'###
#.......#......#..#...<..'....#
###...###.....##..#.....###...#
.####...#.....#.>.#######.##∩.#


You could see an iron dragon, a Brimstone Fiend, 2 Executioners, a deep elf
demonologist and a hellwing.

Vanquished Creatures
  Khufu (Crypt:2)
  2 ancient liches
  11 large abominations
  Margery (Depths:4)
  A caustic shrike (Depths:4)
  6 golden dragons
  The ghost of Vailuoroe the Devastator, a veteran GrEE of Lugonu (Crypt:2)
  2 bone dragons
  9 liches
  3 tentacled monstrosities
  Rupert (Lair:6)
  3 quicksilver dragons (Vaults:5)
  3 titans
  The ghost of P0WERM0DE the Champion of Chaos, an adept DDFi of Makhleb (Depths:1)
  An ancient champion (Crypt:1)
  An Executioner (Abyss:5)
  12 storm dragons
  6 tentacled starspawn (Abyss:5)
  7 sphinxes
  5 tengu reavers
  A shadow dragon (shapeshifter) (Vaults:4)
  5 thorn hunters
  5 shadow dragons
  A revenant (Crypt:1)
  9 frost giants
  15 vault wardens
  4 ghost moths
  7 emperor scorpions (Spider:4)
  3 deep elf sorcerers (Vaults:5)
  2 orc warlords
  2 balrugs
  An angel (Elf:1)
  5 fire giants
  A curse skull (Crypt:1)
  3 ghouls
  A caustic shrike zombie (Depths:4)
  A deep elf elementalist (Vaults:5)
  15 ironheart preservers
  6 war gargoyles
  3 spriggan defenders
  24 stone giants
  A reaper (Crypt:2)
  30 very ugly things
  6 vampire knights
  10 entropy weavers
  6 deep elf demonologists
  3 spark wasps (Depths:3)
  2 blizzard demons (Abyss:5)
  A deep elf annihilator (Elf:1)
  An eidolon (Crypt:1)
  15 ettins
  5 crystal guardians
  A quicksilver dragon zombie (Crypt:2)
  7 deep elf death magi
  5 fire dragons
  A merfolk impaler (Abyss:5)
  5 jiangshi
  A spectral golden dragon (Depths:1)
  13 yaktaur captains
  18 ogre magi
  8 great orbs of eyes
  3 deep elf high priests
  7 rakshasas
  39 vault guards
  13 ice dragons
  A juggernaut simulacrum (Depths:1)
  2 quicksilver dragon skeletons
  4 shambling mangroves
  5 spriggan air magi
  A catoblepas (Lair:6)
  A ghost crab (Crypt:1)
  24 hydras
  Erica (D:8)
  3 centaur warriors
  A queen ant (shapeshifter) (Vaults:5)
  33 dancing weapons
  4 death knights
  9 deep troll shamans
  52 two-headed ogres
  21 alligators
  6 tengu warriors
  3 soul eaters
  7 death yaks
  3 deep troll earth magi
  4 orc high priests
  4 thrashing horrors
  4 spriggan berserkers
  3 titan zombies
  7 vampire magi
  19 hell knights
  16 skeletal warriors
  A wretched star (Abyss:2)
  22 deep elf knights
  A storm dragon zombie (Depths:4)
  2 shadow wraiths
  A sixfirhy (Abyss:5)
  3 spriggan druids
  2 spectral elves (Depths:1)
  2 salamander mystics (Depths:1)
  A spatial maelstrom (Abyss:5)
  A storm dragon skeleton (Crypt:3)
  A golden dragon zombie (Crypt:3)
  2 anaconda zombies
  An iron troll (Depths:4)
  13 deep trolls
  2 unseen horrors (Vaults:1)
  4 wizards
  An orange crystal statue (Depths:3)
  10 glowing orange brains
  A shadow dragon zombie (Crypt:1)
  12 deep elf archers
  13 swamp dragons
  11 ironbrand convokers
  5 flayed ghosts
  20 orc knights
  12 phantasmal warriors
  A lindwurm (Lair:6)
  57 deep elf magi
  An iron dragon zombie (Crypt:1)
  19 orb spiders
  18 necromancers
  4 orc sorcerers
  7 small abominations
  4 cyclopes
  A fire giant zombie (Crypt:2)
  A manticore (D:13)
  2 wolf spider zombies
  A shining eye (shapeshifter) (Elf:2)
  11 slime creatures
  38 ugly things
  26 wolf spiders
  An elephant (shapeshifter) (Depths:2)
  A frost giant zombie (Crypt:3)
  2 moths of wrath
  A salamander (shapeshifter) (Vaults:4)
  8 salamanders (Depths:1)
  2 iron dragon skeletons (Crypt:2)
  19 starcursed masses
  2 fire giant skeletons
  6 black mambas
  A dire elephant zombie (Crypt:1)
  A toenail golem (Abyss:5)
  A guardian serpent (shapeshifter) (Depths:4)
  14 elephants
  An apocalypse crab (Abyss:2)
  17 vault sentinels
  A centaur zombie (D:15)
  An orange demon (Depths:3)
  A rust devil (Abyss:2)
  19 spiny frogs
  A dire elephant skeleton (Crypt:1)
  2 black mambas (shapeshifter)
  Psyche (D:8)
  A gargoyle (D:15)
  A storm dragon simulacrum (Depths:4)
  A catoblepas zombie (Crypt:3)
  7 smoke demons
  A shock serpent skeleton (Crypt:3)
  2 emperor scorpion zombies
  An efreet (Abyss:5)
  4 guardian mummies (Depths:2)
  8 komodo dragons
  9 demonic crawlers
  40 yaktaurs
  4 ancient zymes
  An anaconda simulacrum (Crypt:1)
  4 kobold demonologists
  11 freezing wraiths
  A golden dragon simulacrum (Crypt:2)
  A black draconian skeleton (Crypt:2)
  35 jumping spiders
  A red draconian skeleton (Crypt:2)
  6 tengu conjurers
  A hellwing (Abyss:5)
  A queen bee (shapeshifter) (Vaults:4)
  A shadow dragon simulacrum (Depths:1)
  A queen ant zombie (Crypt:1)
  2 tengu simulacra (Depths:1)
  15 tyrant leeches
  A red devil (Depths:1)
  8 trolls
  25 hornets
  A slime creature (shapeshifter) (Vaults:4)
  A guardian serpent zombie (Crypt:1)
  A polar bear (Lair:6)
  6 raiju (Abyss:5)
  13 bog bodies
  A hippogriff (shapeshifter) (Depths:4)
  An ice dragon zombie (Crypt:2)
  12 blink frogs
  15 hippogriffs
  A frost giant simulacrum (Vaults:2)
  2 air elementals
  73 redbacks
  An ettin skeleton (Crypt:2)
  A fire dragon zombie (Crypt:3)
  31 flying skulls
  An ice dragon skeleton (Crypt:2)
  8 shadows
  A ynoxinul (Depths:3)
  24 tarantellas
  3 wyverns
  3 fire elementals
  49 yaks
  4 spriggans
  8 wraiths
  4 fire bats (Lair:6)
  2 steam dragons (D:10)
  A tarantella (shapeshifter) (Depths:3)
  2 elf simulacra (Depths:1)
  2 hungry ghosts
  4 basilisks
  Grum (D:8)
  An elf skeleton (Depths:4)
  5 neqoxecs
  20 vampire mosquitoes
  2 chaos spawn (Abyss:5)
  10 wargs
  A soldier ant (D:15)
  4 insubstantial wisps (Swamp:2)
  21 swamp worms
  An acid dragon (D:13)
  A spatial vortex (Abyss:5)
  3 hell hounds
  7 water moccasins
  7 porcupines
  A black bear (shapeshifter) (Elf:2)
  A monstrous demonspawn skeleton (Crypt:2)
  19 swamp drakes
  2 phantoms
  A spiny frog skeleton (Abyss:5)
  A snapping turtle zombie (Crypt:2)
  An ice beast (shapeshifter) (Vaults:4)
  6 ice beasts
  5 sky beasts
  A swamp dragon zombie (Crypt:2)
  3 black bears
  An ettin simulacrum (Crypt:1)
  3 eyes of draining
  10 necrophages
  61 orc warriors
  3 boggarts (Depths:3)
  57 ogres
  21 centaurs
  A manticore zombie (Crypt:2)
  28 wolves
  A snapping turtle skeleton (Crypt:3)
  13 crocodiles
  6 big kobolds
  An octopode zombie (Crypt:1)
  A salamander zombie (Crypt:2)
  Blork the orc (D:6)
  A gnoll sergeant (D:7)
  12 bullfrogs
  A glowing shapeshifter simulacrum (Vaults:3)
  A wyvern zombie (Crypt:1)
  4 earth elementals
  A wyvern skeleton (D:11)
  11 scorpions
  A queen bee zombie (Crypt:1)
  A water moccasin zombie (Crypt:2)
  6 killer bees
  A human simulacrum (Vaults:3)
  11 wights
  A snapping turtle simulacrum (Crypt:1)
  A yak skeleton (Crypt:2)
  A howler monkey (D:13)
  9 electric eels
  12 crimson imps
  A lava snake (D:14)
  A bullfrog zombie (D:6)
  A wolf skeleton (Crypt:1)
  5 jellies
  9 centaur skeletons
  4 hounds
  12 orc priests
  A gnoll shaman (Orc:1)
  A bullfrog skeleton (D:10)
  4 iguanas (D:8)
  14 orc wizards
  13 worker ants
  A big kobold zombie (Crypt:1)
  A sky beast zombie (Crypt:1)
  A tengu skeleton (Abyss:2)
  2 hound zombies
  2 hound skeletons
  7 mummies
  A howler monkey zombie (D:5)
  A worker ant zombie (D:6)
  18 gnolls
  15 adders
  A howler monkey skeleton (D:7)
  3 shadow imps
  12 white imps (Lair:2)
  An ooze (D:7)
  An adder skeleton (D:4)
  An adder zombie (D:7)
  2 worms
  A barachi zombie (Crypt:2)
  A dart slug (D:1)
  8 leopard geckos
  93 orcs
  6 giant cockroaches
  11 goblins
  19 hobgoblins
  5 jackals
  4 quokkas
  2 ball python skeletons (D:4)
  8 bats
  8 frilled lizards
  A jackal zombie (Crypt:2)
  19 kobolds
  A leopard gecko skeleton (D:4)
  An orc skeleton (Crypt:2)
  A quokka skeleton (D:5)
  A quokka zombie (D:5)
  6 rats
  A spectral orc (D:8)
  2 crawling corpses (Vaults:5)
  4 fungi
  4 starspawn tentacles (Abyss:5)
2289 creatures vanquished.

Vanquished Creatures (others)
  3 stone giants
  2 yaktaur captains
  3 centaur warriors
  2 deep elf knights (Elf:2)
  2 deep elf archers
  A deep elf mage (Elf:1)
  A vault sentinel (Vaults:4)
  5 yaktaurs
  A jumping spider (Spider:4)
  A redback (Vaults:2)
  A necrophage (Crypt:3)
  An ogre (Vaults:4)
  A boggart (Vaults:1)
  12 centaurs
  An orc priest (Vaults:5)
  2 orcs
  4 briar patches
  3 bushes (D:8)
  A crawling corpse (Vaults:5)
  29 fungi
  A lurking horror (Abyss:5)
  20 plants
  25 starspawn tentacles (Abyss:5)
122 creatures vanquished.

Grand Total: 2411 creatures vanquished

Notes
Turn   | Place    | Note
-------+----------+-------------------------------------------
     0 | D:1      | Infinimo the Minotaur Fighter began the quest for the Orb.
     0 | D:1      | Reached XP level 1. HP: 19/19 MP: 0/0
   251 | D:1      | Reached XP level 2. HP: 27/27 MP: 1/1
   302 | D:1      | Reached skill level 3 in Maces & Flails
   681 | D:2      | Reached XP level 3. HP: 33/33 MP: 2/2
  1223 | D:2      | Reached XP level 4. HP: 39/40 MP: 3/3
  1407 | D:3      | Reached skill level 4 in Maces & Flails
  1481 | D:3      | Found a blossoming altar of Fedhas.
  1669 | D:3      | Found a glowing silver altar of Zin.
  1670 | D:3      | Found an opulent altar of Gozag.
  1843 | D:3      | Found a shadowy altar of Dithmenos.
  2170 | D:4      | Reached XP level 5. HP: 24/47 MP: 4/4
  2375 | D:4      | Noticed an ogre
  2381 | D:4      | Killed an ogre
  2381 | D:4      | Reached skill level 5 in Maces & Flails
  2381 | D:4      | Reached XP level 6. HP: 53/55 MP: 5/5
  2545 | D:4      | Reached skill level 5 in Fighting
  2545 | D:4      | Reached skill level 5 in Armour
  2545 | D:4      | Reached skill level 5 in Shields
  3244 | D:4      | Found a sacrificial altar of Ru.
  3381 | D:4      | Reached skill level 6 in Maces & Flails
  3601 | D:5      | Entered Level 5 of the Dungeon
  3640 | D:5      | Noticed an ice beast
  3661 | D:5      | Killed an ice beast
  3661 | D:5      | Reached XP level 7. HP: 44/61 MP: 6/6
  4112 | D:5      | Reached skill level 7 in Maces & Flails
  4442 | D:5      | Found a stormy altar of Qazlal.
  4445 | D:5      | Found a shimmering altar of Xom.
  4554 | D:5      | Reached XP level 8. HP: 70/70 MP: 7/7
  4628 | D:5      | Reached skill level 8 in Maces & Flails
  5847 | D:6      | Reached skill level 9 in Maces & Flails
  5950 | D:6      | Reached XP level 9. HP: 70/79 MP: 8/8
  5955 | D:6      | Found a radiant altar of Vehumet.
  6129 | D:6      | Found a hazy altar of Hepliaklqana.
  6163 | D:6      | Found a deep blue altar of Sif Muna.
  6418 | D:6      | Noticed Blork the orc
  6425 | D:6      | Killed Blork the orc
  6679 | D:7      | Reached skill level 10 in Maces & Flails
  6824 | D:7      | Found a white marble altar of Elyvilon.
  7848 | D:8      | Noticed Erica
  7983 | D:8      | Killed Erica
  7983 | D:8      | Reached skill level 11 in Maces & Flails
  7983 | D:8      | Reached XP level 10. HP: 61/90 MP: 9/9
  8189 | D:8      | Found a sparkling altar of Nemelex Xobeh.
  8233 | D:8      | Found a staircase to the Lair.
  8413 | D:8      | Noticed Psyche
  8426 | D:8      | Killed Psyche
  8426 | D:8      | Reached skill level 12 in Maces & Flails
  8455 | D:8      | Noticed Grum
  8460 | D:8      | Killed Grum
  9250 | D:8      | Found a basalt altar of Yredelemnul.
  9428 | Lair:1   | Entered Level 1 of the Lair of Beasts
  9576 | Lair:1   | Reached XP level 11. HP: 74/99 MP: 10/10
 10043 | Lair:1   | Reached skill level 10 in Shields
 10155 | Lair:1   | Reached skill level 10 in Fighting
 10155 | Lair:1   | Reached skill level 10 in Armour
 10354 | Lair:1   | Reached skill level 13 in Maces & Flails
 10907 | Lair:2   | Noticed a death yak
 10909 | Lair:2   | Noticed a death yak
 10913 | Lair:2   | Noticed a death yak
 10915 | Lair:2   | Noticed a death yak
 11226 | Lair:2   | Found a frozen archway.
 11237 | Lair:2   | Noticed a five-headed hydra
 11258 | Lair:2   | Killed a five-headed hydra
 11597 | Lair:2   | Killed a death yak
 12055 | Lair:1   | HP: 3/101 [death yak (11)]
 12681 | D:9      | Reached skill level 14 in Maces & Flails
 12721 | D:9      | Noticed a two-headed ogre
 12741 | D:9      | Killed a two-headed ogre
 13479 | D:10     | Entered Level 10 of the Dungeon
 13670 | D:10     | Noticed a tengu warrior
 13693 | D:10     | Killed a tengu warrior
 13693 | D:10     | Reached XP level 12. HP: 78/110 MP: 4/11
 14399 | D:11     | Noticed a four-headed hydra
 14408 | D:11     | Killed a four-headed hydra
 14460 | D:11     | Noticed a two-headed ogre
 14509 | D:11     | Noticed a two-headed ogre
 14853 | D:11     | Killed a two-headed ogre
 14875 | D:11     | Reached skill level 15 in Maces & Flails
 16454 | D:12     | Noticed a death knight
 16475 | D:12     | Killed a death knight
 16783 | D:12     | Noticed a two-headed ogre
 16795 | D:12     | Killed a two-headed ogre
 17052 | D:12     | Found a shimmering altar of Xom.
 17215 | D:12     | Found a staircase to the Orcish Mines.
 17367 | D:12     | Got a pair of translucent boots
 17378 | D:12     | Identified the +1 pair of boots "Bomeg" {rCorr MP+9 Str-4
                  | SInv} (You found it on level 12 of the Dungeon)
 17385 | D:12     | Identified a scroll of acquirement
 17556 | D:6      | Found a staircase to the Ecumenical Temple.
 17581 | Temple   | Entered the Ecumenical Temple
 17773 | Temple   | Became a worshipper of Warmaster Okawaru
 17875 | Lair:1   | Killed a death yak
 17886 | Lair:1   | Killed a death yak
 17886 | Lair:1   | Reached * piety under Okawaru
 17886 | Lair:1   | Reached skill level 16 in Maces & Flails
 17886 | Lair:1   | Reached XP level 13. HP: 81/118 MP: 12/12
 18516 | Lair:2   | Found a staircase to the Swamp.
 19377 | Lair:3   | Reached ** piety under Okawaru
 19605 | Lair:3   | Found a hole to the Spider Nest.
 21001 | Lair:4   | Reached *** piety under Okawaru
 21310 | Lair:4   | Received a gift from Okawaru
 21688 | Lair:4   | Reached skill level 17 in Maces & Flails
 22241 | Lair:5   | Reached **** piety under Okawaru
 22512 | Lair:5   | Found a staircase to the Slime Pits.
 23108 | Lair:5   | Received a gift from Okawaru
 23410 | Lair:6   | Entered Level 6 of the Lair of Beasts
 23933 | Lair:6   | Reached XP level 14. HP: 108/129 MP: 13/13
 24277 | Lair:6   | Noticed Rupert
 24320 | Lair:6   | Killed Rupert
 24320 | Lair:6   | Reached ***** piety under Okawaru
 24676 | Lair:6   | Reached skill level 18 in Maces & Flails
 24711 | Lair:6   | Found a sacrificial altar of Ru.
 25612 | Lair:6   | Received a gift from Okawaru
 26443 | D:13     | Noticed a storm dragon
 26459 | D:13     | Killed a storm dragon
 27613 | D:13     | Received a gift from Okawaru
 28294 | D:14     | Reached skill level 19 in Maces & Flails
 28294 | D:14     | Reached XP level 15. HP: 110/139 MP: 14/14
 28383 | D:14     | Found a gate to the Vaults.
 28491 | D:14     | Found a flagged portal.
 28500 | Bailey   | Entered a bailey
 28769 | Bailey   | Found an iron altar of Okawaru.
 29207 | Bailey   | Reached ****** piety under Okawaru
 29504 | Bailey   | Got a spiked large shield
 29515 | Bailey   | Identified the cursed +0 large shield of Insatiable Hunger
                  | {rN+ Regen+ Str+2} (You found it in a bailey)
 29824 | D:14     | Received a gift from Okawaru
 29827 | D:14     | Got a faintly glowing flail {god gift}
 29829 | D:14     | Identified the +10 flail "Hileshrar" {freeze, MR+ Int-4
                  | Dex+2 Stlth+} (Okawaru gifted it to you on level 14 of the
                  | Dungeon)
 30367 | Orc:1    | Entered Level 1 of the Orcish Mines
 30463 | Orc:2    | Entered Level 2 of the Orcish Mines
 30463 | Orc:2    | Found Xaco's General Store.
 30593 | Orc:2    | Found a staircase to the Elven Halls.
 30599 | Orc:2    | Bought a scroll of blinking for 97 gold pieces
 30604 | Orc:2    | Noticed an orc warlord
 30708 | D:12     | Killed an orc warlord
 30857 | Orc:2    | Found Dalyer's Antique Armour Shoppe.
 31046 | Orc:2    | Received a gift from Okawaru
 31063 | Orc:2    | Bought an ichor-stained plate armour for 896 gold pieces
 31073 | Orc:2    | Identified the +5 plate armour of Words of Power {Dex+7}
                  | (You bought it in a shop on level 2 of the Orcish Mines)
 31083 | Orc:2    | Found a roughly hewn altar of Beogh.
 31197 | Orc:2    | Noticed an orc warlord
 31223 | Orc:2    | Killed an orc warlord
 31223 | Orc:2    | Reached skill level 15 in Fighting
 31223 | Orc:2    | Reached skill level 15 in Armour
 31223 | Orc:2    | Reached skill level 15 in Shields
 31281 | Orc:2    | Found a roughly hewn altar of Beogh.
 31461 | Orc:2    | Found Xaewnios's Jewellery Emporium.
 31477 | Orc:2    | Paralysed by an orc sorcerer for 3 turns
 31572 | Orc:2    | Found Hoicwoh's Antique Weapon Shop.
 31736 | Orc:1    | Found a bloodstained altar of Trog.
 32095 | Orc:1    | Found Losuf's Gadget Boutique.
 32377 | D:15     | Entered Level 15 of the Dungeon
 32437 | D:15     | Reached skill level 20 in Maces & Flails
 32559 | D:15     | Found a stormy altar of Qazlal.
 32612 | D:15     | Received a gift from Okawaru
 32626 | D:15     | Found Ytewoac's Armour Shoppe.
 33047 | D:15     | Found Wotzuemu's Distillery.
 33057 | D:15     | Reached XP level 16. HP: 129/149 MP: 15/15
 33156 | D:15     | Bought a potion of curing for 42 gold pieces
 33238 | D:15     | Found Betsasox's General Store.
 33241 | D:15     | Bought a scroll of teleportation for 36 gold pieces
 33411 | D:15     | Found a staircase to the Depths.
 33657 | Elf:1    | Entered Level 1 of the Elven Halls
 34345 | Swamp:1  | Entered Level 1 of the Swamp
 35011 | Swamp:1  | Received a gift from Okawaru
 36440 | Swamp:2  | Reached skill level 21 in Maces & Flails
 36477 | Swamp:2  | Received a gift from Okawaru
 36982 | Swamp:3  | Noticed a thorn hunter
 36990 | Swamp:3  | Killed a thorn hunter
 37011 | Swamp:3  | Paralysed by a hornet for 3 turns
 37409 | Swamp:3  | Noticed a thorn hunter
 37435 | Swamp:3  | Killed a thorn hunter
 37872 | Swamp:4  | Entered Level 4 of the Swamp
 38052 | Swamp:4  | Noticed a thorn hunter
 38063 | Swamp:4  | Killed a thorn hunter
 38063 | Swamp:4  | Received a gift from Okawaru
 38066 | Swamp:4  | Got a smoking scale mail {god gift}
 38068 | Swamp:4  | Identified the +1 scale mail "Japh" {+Inv rN+ Str-2 Int+5}
                  | (Okawaru gifted it to you on level 4 of the Swamp)
 38082 | Swamp:4  | Reached XP level 17. HP: 159/159 MP: 16/16
 38860 | Swamp:4  | Reached skill level 22 in Maces & Flails
 39017 | Swamp:4  | Got a decaying rune of Zot
 39251 | Spider:1 | Entered Level 1 of the Spider Nest
 39435 | Spider:1 | Received a gift from Okawaru
 41299 | Spider:3 | Paralysed by a hornet for 1 turns
 41439 | Spider:3 | Identified the Grimoire of Flamy Augmentations
 41707 | Spider:4 | Entered Level 4 of the Spider Nest
 42130 | Spider:4 | Reached XP level 18. HP: 119/170 MP: 17/17
 42172 | Spider:4 | Received a gift from Okawaru
 42720 | Spider:4 | Reached skill level 23 in Maces & Flails
 42819 | Spider:4 | Received a gift from Okawaru
 42915 | Spider:4 | Got a gossamer rune of Zot
 43530 | Elf:1    | Found a white marble altar of Elyvilon.
 43544 | Elf:1    | Found a glowing golden altar of the Shining One.
 43544 | Elf:1    | Found a glowing silver altar of Zin.
 44014 | Elf:1    | Found the +10 Black Knight's horse barding {ponderous,
                  | rPois rN+}
 44197 | Elf:1    | HP: 5/171 [deep elf mage/bolt of lightning (12)]
 44972 | Elf:2    | Gained mutation: Your body sometimes deteriorates upon
                  | taking damage. [a shining eye]
 45313 | Elf:2    | Received a gift from Okawaru
 45353 | Elf:2    | Got a transparent hat {god gift}
 45354 | Elf:2    | Identified the +4 hat of Lifelessness {rF+ rC- Dex+6
                  | Slay+3} (Okawaru gifted it to you on level 2 of the Elven
                  | Halls)
 45571 | Elf:2    | Found a huge runed translucent gate.
 45571 | Elf:2    | Found a huge runed translucent gate.
 45571 | Elf:2    | Found a huge runed translucent gate.
 45573 | Elf:2    | Found a huge runed translucent gate.
 45574 | Elf:2    | Found a huge runed translucent gate.
 45666 | Elf:2    | Reached XP level 19. HP: 169/179 MP: 18/18
 45874 | Elf:2    | Reached skill level 24 in Maces & Flails
 46220 | Vaults:1 | Entered Level 1 of the Vaults
 46765 | Vaults:1 | Received a gift from Okawaru
 46776 | Vaults:1 | Got a pair of faintly humming boots {god gift}
 46780 | Vaults:1 | Identified the -3 pair of boots "Ohaygol" {rPois} (Okawaru
                  | gifted it to you on level 1 of the Vaults)
 47079 | Vaults:1 | Found a shimmering altar of Xom.
 48142 | Vaults:2 | Found a staircase to the Crypt.
 48583 | Vaults:2 | Received a gift from Okawaru
 48931 | Vaults:2 | Reached XP level 20. HP: 191/191 MP: 19/19
 48975 | Vaults:2 | Reached skill level 25 in Maces & Flails
 49222 | Vaults:2 | Found Mafasteba's Antique Weapon Emporium.
 49886 | Vaults:3 | Received a gift from Okawaru
 51484 | Vaults:3 | Received a gift from Okawaru
 51622 | Vaults:4 | Found an ornate altar of the Wu Jian Council.
 51651 | Vaults:4 | Found Jano's Assorted Antiques.
 51658 | Vaults:4 | Bought a warped amethyst amulet for 260 gold pieces
 51658 | Vaults:4 | Identified the amulet of Puro {Faith Dex+3 Stlth-} (You
                  | bought it in a shop on level 4 of the Vaults)
 52634 | Vaults:4 | Reached skill level 1 in Dodging
 53168 | Vaults:4 | Reached skill level 26 in Maces & Flails
 53183 | Vaults:4 | Reached XP level 21. HP: 132/200 MP: 20/20
 53428 | Crypt:1  | Entered Level 1 of the Crypt
 53729 | Crypt:1  | Found an ancient bone altar of Kikubaaqudgha.
 53735 | Crypt:1  | Identified Uwij's Grimoire of Stolen Souls
 53737 | Crypt:1  | Identified the Almanac of Sinister Rites
 54464 | Crypt:1  | Found a basalt altar of Yredelemnul.
 54626 | Crypt:2  | Noticed Khufu
 55141 | Crypt:2  | Killed Khufu
 55141 | Crypt:2  | Received a gift from Okawaru
 55167 | Crypt:2  | Got an iridescent demon whip {god gift}
 55168 | Crypt:2  | Identified the +6 demon whip of Dishonesty {venom, rN+
                  | Str+6 Int+4 Dex-3} (Okawaru gifted it to you on level 2 of
                  | the Crypt)
 55493 | Crypt:2  | Found a runed translucent door.
 55511 | Crypt:2  | Noticed Vailuoroe's ghost (veteran GrEE)
 55574 | Crypt:2  | Reached skill level 5 in Dodging
 55843 | Crypt:2  | Killed Vailuoroe's ghost
 55883 | Crypt:3  | Entered Level 3 of the Crypt
 55917 | Crypt:3  | Received a gift from Okawaru
 56920 | Crypt:3  | Found an ancient bone altar of Kikubaaqudgha.
 56920 | Crypt:3  | Noticed an ancient lich
 56930 | Crypt:3  | Killed an ancient lich
 56930 | Crypt:3  | Reached XP level 22. HP: 163/211 MP: 21/21
 57003 | Crypt:3  | Found the +7 mace of Variability {chain chaos}
 57272 | Crypt:3  | Paralysed by a vampire knight for 3 turns
 57296 | Crypt:3  | Reached skill level 27 in Maces & Flails
 57497 | Crypt:3  | Found a staircase to the Tomb.
 57593 | Crypt:3  | Found the +8 demon blade "Bloodbane" {slice, *Rage +Rage
                  | Stlth-}
 57781 | Crypt:3  | Got a shimmering whip
 57782 | Crypt:3  | Identified the +5 whip "Fyelett" {freeze, *Slow rElec SInv
                  | Stlth+} (You found it on level 3 of the Crypt)
 57991 | Vaults:5 | Entered Level 5 of the Vaults
 58045 | Vaults:4 | Received a gift from Okawaru
 58074 | Vaults:4 | Got a faintly glowing mace {god gift}
 58075 | Vaults:4 | Identified the +9 mace of Conscience {protect, Int+5}
                  | (Okawaru gifted it to you on level 4 of the Vaults)
 58750 | Vaults:4 | Received a gift from Okawaru
 58774 | Vaults:4 | Got an ichor-stained morningstar {god gift}
 58775 | Vaults:4 | Identified the +3 morningstar of Ameoxiol {elec, Fragile
                  | Int+3 SInv} (Okawaru gifted it to you on level 4 of the
                  | Vaults)
 59070 | Vaults:5 | Reached XP level 23. HP: 126/221 MP: 22/22
 59082 | Vaults:5 | Received a gift from Okawaru
 59320 | Vaults:4 | Reached skill level 10 in Dodging
 59542 | Vaults:4 | Lost mutation: Your body sometimes deteriorates upon taking
                  | damage. [potion of mutation]
 59542 | Vaults:4 | Gained mutation: Your flesh is heat resistant. (rF+)
                  | [potion of mutation]
 59542 | Vaults:4 | Gained mutation: Your body sometimes deteriorates upon
                  | taking damage. [potion of mutation]
 59542 | Vaults:4 | Gained mutation: You are frail. (-10% HP) [potion of
                  | mutation]
 59542 | Vaults:4 | Gained mutation: You possess an exceptional clarity of
                  | mind. [potion of mutation]
 59774 | Vaults:5 | Cast into level 2 of the Abyss (a deep elf sorcerer)
 59781 | Abyss:2  | Found an iron altar of Okawaru.
 59848 | Abyss:2  | Gained mutation: You are weak. (Str -2) [a neqoxec]
 60032 | Abyss:2  | Found a corrupted altar of Lugonu.
 60094 | Vaults:5 | Escaped the Abyss
 60209 | Vaults:5 | Received a gift from Okawaru
 60616 | Vaults:5 | Got a silver rune of Zot
 60754 | Vaults:5 | Identified the ring of the Assorted Emperors {rCorr rF+ MR-
                  | Str+3}
 60913 | Vaults:5 | Received a gift from Okawaru
 61032 | Vaults:5 | Identified the Almanac of Lightness and Necromancy
 61034 | Vaults:5 | Identified Qedul's Handbook of Frigorific Ignition
 61568 | Vaults:5 | Lost mutation: Your flesh is heat resistant. (rF+) [potion
                  | of mutation]
 61568 | Vaults:5 | Lost mutation: You are weak. (Str -2) [potion of mutation]
 61568 | Vaults:5 | Gained mutation: You have large cloven feet. [potion of
                  | mutation]
 61568 | Vaults:5 | Gained mutation: Your muscles are strong. (Str +2) [potion
                  | of mutation]
 61953 | Slime:1  | Entered Level 1 of the Pits of Slime
 62209 | Depths:1 | Entered Level 1 of the Depths
 62561 | Depths:1 | Found a runed translucent gate.
 62561 | Depths:1 | Found a runed translucent gate.
 62561 | Depths:1 | Found a runed translucent gate.
 62570 | Depths:1 | Noticed P0WERM0DE's ghost (adept DDFi)
 62570 | Depths:1 | Noticed an ancient lich
 62638 | Depths:1 | Paralysed by a great orb of eyes for 5 turns
 62744 | Depths:1 | Found a gateway to Hell.
 63422 | Depths:1 | Cast into level 5 of the Abyss (an ancient lich)
 63422 | Abyss:5  | Entered Level 5 of the Abyss
 63423 | Abyss:5  | Found a corrupted altar of Lugonu.
 63665 | Abyss:5  | Paralysed by accursed screaming for 1 turns
 63689 | Abyss:5  | Reached XP level 24. HP: 178/209 MP: 22/22
 63741 | Abyss:5  | Gained mutation: Scrolls take you a little longer to read.
                  | [a neqoxec]
 64109 | Abyss:5  | Lost mutation: Your muscles are strong. (Str +2) [a
                  | neqoxec]
 64113 | Abyss:5  | Paralysed by accursed screaming for 1 turns
 64124 | Depths:1 | Escaped the Abyss
 64140 | Depths:1 | Killed an ancient lich
 64142 | Depths:1 | Received a gift from Okawaru
 64172 | Depths:1 | Killed P0WERM0DE's ghost
 64536 | Depths:2 | Found a transporter.
 65285 | Depths:2 | Found a transporter.
 65478 | Depths:3 | Got a smoking tin amulet
 65481 | Depths:3 | Identified the amulet "Totaomi" {Spirit Dex+4} (You
                  | acquired it on level 3 of the Depths)
 65545 | Depths:3 | Paralysed by a vampire knight for 5 turns
 65898 | Depths:3 | Received a gift from Okawaru
 65937 | Depths:3 | Found a one-way gate to the infinite horrors of the Abyss.
 65941 | Depths:3 | Found a one-way gate leading to the halls of Pandemonium.
 66381 | Depths:3 | Reached XP level 25. HP: 218/218 MP: 22/22
 66525 | Depths:4 | Reached skill level 1 in Invocations
 67259 | Depths:4 | Found a runed translucent door.
 67259 | Depths:4 | Found a runed translucent door.
 67416 | Depths:4 | Received a gift from Okawaru
 67455 | Depths:4 | Found a huge runed gate.
 67455 | Depths:4 | Found a huge runed gate.
 67455 | Depths:4 | Found a huge runed gate.
 67456 | Depths:4 | Found a huge runed gate.
 67456 | Depths:4 | Found a huge runed gate.
 67456 | Depths:4 | Found a huge runed gate.
 67456 | Depths:4 | Found a huge runed gate.
 67457 | Depths:4 | Found a huge runed gate.
 67458 | Depths:4 | Found a huge runed gate.
 67459 | Depths:4 | Found a huge runed gate.
 67460 | Depths:4 | Found a huge runed gate.
 67471 | Depths:4 | Found Favegi's Antique Weapon Boutique.
 67472 | Depths:4 | Found a huge runed gate.
 67472 | Depths:4 | Found a huge runed gate.
 67473 | Depths:4 | Found a huge runed gate.
 67477 | Depths:4 | Found a huge runed gate.
 67479 | Depths:4 | Found a huge runed gate.
 67479 | Depths:4 | Found a huge runed gate.
 67500 | Depths:4 | Found a huge runed gate.
 67500 | Depths:4 | Found a huge runed gate.
 67500 | Depths:4 | Found a huge runed gate.
 67500 | Depths:4 | Found a huge runed gate.
 67500 | Depths:4 | Found a huge runed gate.
 67500 | Depths:4 | Found a huge runed gate.
 67501 | Depths:4 | Found a huge runed gate.
 67502 | Depths:4 | Found a huge runed gate.
 67666 | Depths:4 | Noticed Margery
 67686 | Depths:4 | Killed Margery
 67708 | Depths:4 | Reached skill level 5 in Invocations
 68110 | Depths:4 | Identified the +5 short sword "Olanir" {drain, Str+5 Dex+2}
 68188 | Depths:4 | Received a gift from Okawaru
 68195 | Depths:4 | Got a bloodstained hat
 68206 | Depths:4 | Identified the +1 hat of the Modern Lovers {Dex+3} (You
                  | found it on level 4 of the Depths)
 68227 | Depths:4 | Identified the Incunabulum of Optimism
 68494 | Depths:4 | HP: 8/220 [Executioner[a deep elf demonologist] (11)]
 68495 | Depths:4 | HP: 3/220 [Executioner[a deep elf demonologist] (5)]
 68495 | Depths:4 | Mangled by an Executioner

Skill      XL: |  1  2  3  4  5  6  7  8  9 10 11 12 13 14 15 16 17 18 19 20 21 22 23 24 25 |
---------------+----------------------------------------------------------------------------+-----
Maces & Flails | 3 4 5 6 7 9 11 12 14 16 17 19 20 21 22 23 24 26 27 | 27.0
Shields        | 4 5 6 7 8 9 11 12 13 14 15 16 17 18 19 20 21 22 23 | 23.8
Fighting       | 4 5 6 7 8 9 11 12 13 14 15 16 17 18 19 20 21 22 23 | 23.8
Armour         | 4 5 6 7 8 9 11 12 13 14 15 16 17 18 19 20 21 22 23 | 23.8
Dodging        | 1 6 9 12 14 | 14.8
Invocations    | 7 |  7.1

Action                   |  1- 3 |  4- 6 |  7- 9 | 10-12 | 13-15 | 16-18 | 19-21 | 22-24 | 25-27 || total
-------------------------+-------+-------+-------+-------+-------+-------+-------+-------+-------++-------
Melee: Flail             |    68 |   227 |   130 |       |       |       |       |       |       ||   425
       Headbutt          |    10 |    31 |    84 |   197 |   468 |   587 |   677 |   813 |   198 ||  3065
       Morningstar       |       |       |   335 |   890 |  1982 |  2045 |   772 |       |       ||  6024
       Eveningstar       |       |       |       |       |       |       |   831 |       |       ||   831
       Demon whip        |       |       |       |       |       |       |   402 |  2096 |   481 ||  2979
Invok: Heroism           |       |       |       |       |     5 |     1 |     6 |     2 |     1 ||    15
       Finesse           |       |       |       |       |       |       |       |       |     1 ||     1
  Use: Scroll            |       |     6 |     3 |    15 |     9 |    18 |    10 |    17 |     7 ||    85
       Potion            |       |     6 |     2 |     1 |     1 |    11 |     2 |    18 |       ||    41
 Stab: Confused          |       |       |       |       |       |     2 |       |       |       ||     2
       Distracted        |       |       |       |       |       |     1 |       |     1 |       ||     2
       Held in net/web   |       |       |       |       |       |     1 |       |       |       ||     1
       Sleeping          |       |       |       |       |       |       |       |     1 |       ||     1
  Eat: Chunk             |     1 |     7 |     9 |    23 |    52 |    36 |    32 |    13 |     6 ||   179
       Ration            |       |       |     2 |     3 |       |     2 |     2 |     7 |       ||    16
Armor: Scale mail        |    29 |       |       |       |       |       |       |       |       ||    29
       Plate armour      |       |   171 |   245 |   306 |   608 |  1035 |   442 |     2 |       ||  2809
       Pearl dragon scal |       |       |       |       |       |       |       |   222 |       ||   222
       Gold dragon scale |       |       |       |       |       |       |       |   239 |   114 ||   353
Dodge: Dodged            |    19 |    62 |    85 |   124 |   242 |   313 |   191 |   477 |    98 ||  1611
       Deflected         |       |       |       |       |       |       |       |     8 |     4 ||    12
Block: Shield            |    26 |   102 |   402 |   688 |   975 |       |       |       |       ||  2193
       Reflection        |       |       |    27 |    28 |    43 |    87 |    84 |   109 |    23 ||   401
       Large shield      |       |       |       |       |   600 |  2674 |  1986 |  2035 |   399 ||  7694
